[Event "IIFL Wealth 4th Mumbai GM"]
[Site "Mumbai"]
[Date "2019.01.04"]
[Round "6"]
[White "Stupak, Kirill"]
[Black "Phadke Sohan"]
[Result "1-0"]
[ECO "A04"]
[WhiteElo "2557"]
[BlackElo "2191"]
[Annotator "ChessBase"]
[PlyCount "69"]
[EventDate "2018.12.30"]
[EventType "swiss"]
[EventCountry "IND"]
[SourceTitle "playchess.com"]
[Source "ChessBase"]
[SourceQuality "1"]
[TimeControl "40/5400+30:1800+30"]

1. Nf3 c5 2. c4 Nc6 3. Nc3 e5 4. e3 Nf6 5. d4 cxd4 6. exd4 e4 7. Ne5 Bd6 8. c5 Bb8 9. Nc4 d5 10. cxd6 O-O 11. Bf4 Na5 12. Nxa5 Qxa5 13. Qb3 Qf5 14. Bg3 a6 15. Be2 Be6 16. Qxb7 Ba7 17. O-O Bxd4 18. Qb4 Bc5 19. Qa4 Rfd8 20. Rad1 Rab8 21. Qc2 h5 22. h3 Qg5 23. Kh1 h4 24. Bh2 Qf5 25. Bxa6 Ba7 26. Be2 Qc5 27. Qd2 Rb4 28. b3 Qc6 29. Qg5 Qxc3 30. Be5 Qc5 31. Bxf6 Qxg5 32. Bxg5 f6 33. Bxh4 Rb6 34. Bg3 Bb8 35. Rd4 1-0

[Event "IIFL Wealth 4th Mumbai GM"]
[Site "Mumbai"]
[Date "2019.01.04"]
[Round "6"]
[White "Visakh N R"]
[Black "Deepan Chakkravarthy J."]
[Result "1-0"]
[ECO "C07"]
[WhiteElo "2491"]
[BlackElo "2550"]
[Annotator "ChessBase"]
[PlyCount "65"]
[EventDate "2018.12.30"]
[EventType "swiss"]
[EventCountry "IND"]
[SourceTitle "playchess.com"]
[Source "ChessBase"]
[SourceQuality "1"]
[TimeControl "40/5400+30:1800+30"]

1. d4 e6 2. e4 d5 3. Nd2 c5 4. exd5 Qxd5 5. Ngf3 cxd4 6. Bc4 Qd6 7. O-O Nf6 8. Nb3 Nc6 9. Nbxd4 Nxd4 10. Nxd4 a6 11. Re1 Qc7 12. Bf1 Bd6 13. Nf5 Bxh2+ 14. Kh1 O-O 15. Nxg7 Kxg7 16. Qd4 e5 17. Qh4 Ng4 18. Be2 Bf4 19. Bxg4 Qxc2 20. Bf3 Qg6 21. Bxf4 exf4 22. Qxf4 Be6 23. Bxb7 Rab8 24. Qd4+ Qf6 25. Re5 Kh8 26. Bxa6 Rg8 27. Bf1 Rgd8 28. Qc3 Rd2 29. Rb5 Qxc3 30. Rxb8+ Qc8 31. Rxc8+ Bxc8 32. b4 Rxf2 33. a4 1-0

[Event "IIFL Wealth 4th Mumbai GM"]
[Site "Mumbai"]
[Date "2019.01.04"]
[Round "6"]
[White "Rahman, Ziaur"]
[Black "Tran, Minh Thang"]
[Result "1-0"]
[ECO "A05"]
[WhiteElo "2468"]
[BlackElo "2342"]
[Annotator "ChessBase"]
[PlyCount "51"]
[EventDate "2018.12.30"]
[EventType "swiss"]
[EventCountry "IND"]
[SourceTitle "playchess.com"]
[Source "ChessBase"]
[SourceQuality "1"]
[TimeControl "40/5400+30:1800+30"]

1. Nf3 Nf6 2. c4 e6 3. g3 b6 4. Bg2 Bb7 5. O-O Be7 6. b3 O-O 7. Bb2 d5 8. e3 c5 9. Qe2 Nc6 10. Rd1 Qc7 11. Nc3 dxc4 12. bxc4 Rad8 13. d3 Qb8 14. Rab1 Qa8 15. Ne1 Rd7 16. f4 Rfd8 17. a3 Bd6 18. Nf3 Bb8 19. Ba1 Re8 20. Ng5 Ne7 21. Nce4 Nxe4 22. dxe4 Rxd1+ 23. Rxd1 h6 24. Nxf7 Bxf4 25. exf4 Kxf7 26. Qh5+ 1-0

[Event "IIFL Wealth 4th Mumbai GM"]
[Site "Mumbai"]
[Date "2019.01.04"]
[Round "6"]
[White "Ankit, R. Rajpara"]
[Black "Balasubramaniam H"]
[Result "1/2-1/2"]
[ECO "A46"]
[WhiteElo "2465"]
[BlackElo "2270"]
[Annotator "ChessBase"]
[PlyCount "76"]
[EventDate "2018.12.30"]
[EventType "swiss"]
[EventCountry "IND"]
[SourceTitle "playchess.com"]
[Source "ChessBase"]
[SourceQuality "1"]
[TimeControl "40/5400+30:1800+30"]

1. d4 Nf6 2. Nf3 e6 3. Bf4 b6 4. e3 Bb7 5. Bd3 Be7 6. h3 Ne4 7. c4 O-O 8. Nbd2 f5 9. Qc2 Bb4 10. O-O Nxd2 11. Nxd2 Bxd2 12. Qxd2 d6 13. Rae1 h6 14. Bg3 Qf6 15. c5 e5 16. cxd6 cxd6 17. dxe5 dxe5 18. Rd1 Kh8 19. Qc3 Nc6 20. Bb5 f4 21. exf4 exf4 22. Qxf6 Rxf6 23. Rd7 a6 24. Rxb7 axb5 25. Bh2 Rxa2 26. Rxb6 Rxb2 27. Bxf4 Rxf4 28. Rxc6 b4 29. Rb6 Kh7 30. Rb7 Kg6 31. Kh2 Rfxf2 32. Rxf2 Rxf2 33. Rxb4 Ra2 34. Rb6+ Kf7 35. Rb7+ Kg6 36. Rb6+ Kf7 37. Rb7+ Kg6 38. Rb6+ Kf7 1/2-1/2

[Event "IIFL Wealth 4th Mumbai GM"]
[Site "Mumbai"]
[Date "2019.01.04"]
[Round "6"]
[White "Sundararajan, Kidambi"]
[Black "Praveen Kumar C"]
[Result "1-0"]
[ECO "C01"]
[WhiteElo "2458"]
[BlackElo "2233"]
[Annotator "ChessBase"]
[PlyCount "111"]
[EventDate "2018.12.30"]
[EventType "swiss"]
[EventCountry "IND"]
[SourceTitle "playchess.com"]
[Source "ChessBase"]
[SourceQuality "1"]
[TimeControl "40/5400+30:1800+30"]

1. e4 e6 2. d4 d5 3. exd5 exd5 4. c4 Nf6 5. Nc3 Bb4 6. Bd3 O-O 7. Nge2 dxc4 8. Bxc4 Nbd7 9. O-O Nb6 10. Bb3 c6 11. Bg5 Be7 12. Re1 Bg4 13. Qd3 Qd7 14. Ng3 Rad8 15. Bc2 g6 16. Rxe7 Qxe7 17. Nge4 Nbd7 18. Qg3 Nxe4 19. Nxe4 f6 20. Bf4 Be6 21. Bd6 Qf7 22. Bxf8 Nxf8 23. Re1 Bd5 24. h4 Kg7 25. Nd6 Qd7 26. Nf5+ Kf7 27. Nh6+ Kg7 28. Nf5+ Kf7 29. Re7+ Qxe7 30. Nxe7 Kxe7 31. Qa3+ Kf7 32. Qxa7 Rd7 33. h5 Ne6 34. f3 Nf4 35. h6 Re7 36. Be4 f5 37. Bxd5+ Nxd5 38. Qb8 Kf6 39. Kf2 f4 40. g3 Kg5 41. gxf4+ Nxf4 42. Qd8 Nd5 43. a4 Kxh6 44. b4 Rf7 45. b5 Nc3 46. bxc6 bxc6 47. Qe8 Rf4 48. Qxc6 Rxd4 49. Qxc3 Rxa4 50. Qd2+ Kh5 51. Kg3 g5 52. Qd7 Ra6 53. Qxh7+ Rh6 54. Qf7+ Rg6 55. Qe8 g4 56. f4 1-0

[Event "IIFL Wealth 4th Mumbai GM"]
[Site "Mumbai"]
[Date "2019.01.04"]
[Round "6"]
[White "Nguyen, Van Huy"]
[Black "Saurabh Anand"]
[Result "1/2-1/2"]
[ECO "E04"]
[WhiteElo "2438"]
[BlackElo "2246"]
[Annotator "NA"]
[PlyCount "148"]
[EventDate "2018.12.30"]
[EventType "swiss"]
[EventCountry "IND"]
[SourceTitle "playchess.com"]
[Source "ChessBase"]
[SourceQuality "1"]
[TimeControl "40/5400+30:1800+30"]

1. Nf3 d5 2. d4 Nf6 3. c4 e6 4. g3 dxc4 5. Bg2 a6 6. O-O Nc6 7. Bg5 Be7 8. e3 O-O 9. Qc1 h6 10. Bxf6 Bxf6 11. Rd1 Na5 12. Nbd2 b5 13. b3 Bb7 14. bxc4 c5 15. cxb5 cxd4 16. bxa6 Rxa6 17. Nxd4 Bxg2 18. Kxg2 Bxd4 19. exd4 Qxd4 20. Nb3 Nxb3 21. axb3 Qe4+ 22. Kg1 Rxa1 23. Qxa1 Rb8 24. Qc3 Qb7 25. Rd3 Qb6 26. h4 Qb7 27. Qd2 Qb6 28. Qf4 Rb7 29. Rc3 Rd7 30. Qf3 Qb4 31. Rd3 Rc7 32. Kg2 Qb6 33. Rc3 Rd7 34. Rc4 Qa6 35. Qe4 Rd5 36. b4 f5 37. Qc2 Qb7 38. Kh2 Kh7 39. Rc5 Rd4 40. Rc4 Rd5 41. h5 Qd7 42. Rc7 Qd6 43. Qc3 e5 44. Qc4 Qd8 45. b5 Rd2 46. Rc8 Qd5 47. Qxd5 Rxd5 48. b6 Rb5 49. Rb8 Rb2 50. Kg2 g5 51. Rb7+ Kg8 52. Kf3 Rb3+ 53. Ke2 f4 54. gxf4 exf4 55. f3 Rb2+ 56. Kd1 Kf8 57. Kc1 Rb5 58. Kc2 Ke8 59. Kd3 Kd8 60. Ke4 Rb3 61. Rb8+ Kd7 62. b7 Kc7 63. Rh8 Kxb7 64. Rxh6 Re3+ 65. Kf5 Rxf3 66. Rf6 Rf1 67. h6 f3 68. h7 Rh1 69. Rf7+ Kc6 70. Kxg5 f2 71. Kg6 Rg1+ 72. Kh6 f1=Q 73. Rxf1 Rxf1 74. h8=Q Rh1+ 1/2-1/2

[Event "IIFL Wealth 4th Mumbai GM"]
[Site "Mumbai"]
[Date "2019.01.04"]
[Round "6"]
[White "Laxman, R.R."]
[Black "Trisha Kanyamarala"]
[Result "1-0"]
[ECO "E04"]
[WhiteElo "2436"]
[BlackElo "1942"]
[Annotator "NA"]
[PlyCount "69"]
[EventDate "2018.12.30"]
[EventType "swiss"]
[EventCountry "IND"]
[SourceTitle "playchess.com"]
[Source "ChessBase"]
[SourceQuality "1"]
[TimeControl "40/5400+30:1800+30"]

1. d4 d5 2. Nf3 e6 3. c4 Nf6 4. g3 dxc4 5. Bg2 Bd7 6. Ne5 Bc6 7. Nxc6 Nxc6 8. e3 Qd7 9. O-O O-O-O 10. Nd2 e5 11. Nxc4 exd4 12. Qb3 Bd6 13. exd4 Rde8 14. Be3 Kb8 15. Rac1 Ne4 16. f3 Nf6 17. f4 Ne4 18. Ne5 Bxe5 19. fxe5 f5 20. e6 Qd6 21. d5 Ne7 22. Rfd1 g5 23. Bxe4 fxe4 24. Bc5 Qa6 25. Rc4 Nc8 26. Rxe4 h5 27. Rde1 b6 28. Bd4 Rhf8 29. Be5 Rf5 30. Ra4 Qb7 31. Qd3 Rff8 32. Rc4 Re7 33. Rec1 Rd8 34. Rxc7 Rxc7 35. Bxc7+ 1-0

[Event "IIFL Wealth 4th Mumbai GM"]
[Site "Mumbai"]
[Date "2019.01.04"]
[Round "6"]
[White "Muthaiah AL"]
[Black "Rathnakaran, K.."]
[Result "1-0"]
[ECO "A40"]
[WhiteElo "2408"]
[BlackElo "2366"]
[Annotator "NA"]
[PlyCount "69"]
[EventDate "2018.12.30"]
[EventType "swiss"]
[EventCountry "IND"]
[SourceTitle "playchess.com"]
[Source "ChessBase"]
[SourceQuality "1"]
[TimeControl "40/5400+30:1800+30"]

1. d4 g6 2. c4 Bg7 3. Nf3 d6 4. Nc3 Bg4 5. e3 Nc6 6. Be2 e5 7. d5 Nce7 8. e4 Nh6 9. Ng5 Bd7 10. O-O Qc8 11. f4 exf4 12. Bxf4 f6 13. Nf3 g5 14. Be3 O-O 15. c5 Ng4 16. Bd4 Ng6 17. cxd6 c5 18. dxc6 bxc6 19. Rc1 Qe8 20. Nxg5 c5 21. Bxg4 cxd4 22. Nd5 Bxg4 23. Qxg4 fxg5 24. d7 Rxf1+ 25. Kxf1 Qf8+ 26. Qf5 Nh4 27. Qxf8+ Rxf8+ 28. Ke2 d3+ 29. Kxd3 Ng6 30. Rc7 a6 31. Kc4 Ne5+ 32. Kc5 Nf7 33. Ne7+ Kh8 34. Rc8 Nd8 35. Nc6 1-0

[Event "IIFL Wealth 4th Mumbai GM"]
[Site "Mumbai"]
[Date "2019.01.04"]
[Round "6"]
[White "Sardana, Rishi"]
[Black "Shyaamnikhil P"]
[Result "1-0"]
[ECO "B51"]
[WhiteElo "2398"]
[BlackElo "2448"]
[Annotator "NA RC"]
[PlyCount "111"]
[EventDate "2018.12.30"]
[EventType "swiss"]
[EventCountry "IND"]
[SourceTitle "playchess.com"]
[Source "ChessBase"]
[SourceQuality "1"]
[TimeControl "40/5400+30:1800+30"]

1. e4 c5 2. Nf3 d6 3. Bb5+ Nd7 4. c4 a6 5. Ba4 Ngf6 6. Nc3 g6 7. O-O e5 8. a3 Bg7 9. b4 O-O 10. d3 h6 11. Rb1 a5 12. bxc5 Nxc5 13. Bc2 Be6 14. Be3 Nfd7 15. Nd5 Rb8 16. h3 Kh7 17. Re1 Re8 18. Qd2 b6 19. Rb5 Bxd5 20. cxd5 Qc7 21. Rc1 Rbc8 22. Qe2 Bf6 23. g3 Bd8 24. Kg2 Nf6 25. Nd2 Qe7 26. Nc4 Nfd7 27. h4 h5 28. f3 Bc7 29. Rbb1 Rb8 30. Rb5 Rf8 31. Re1 Rfe8 32. Bd2 Rh8 33. Bc3 Rhg8 34. Bd2 Rh8 35. Bg5 f6 36. Bd2 Kg7 37. Ne3 Kf7 38. Rh1 Ke8 39. Bc3 Rf8 40. Qf2 Kd8 41. Re1 Qe8 42. Rbb1 Qf7 43. Qd2 Rg8 44. d4 exd4 45. Bxd4 Re8 46. Nc4 Ne5 47. Nxe5 fxe5 48. Bxc5 bxc5 49. Rxb8+ Bxb8 50. Rb1 Bc7 51. Rb7 Rf8 52. Bd1 Qe7 53. Qb2 Qd7 54. Ra7 Rf7 55. Qb7 Ke8 56. Ba4 1-0

[Event "IIFL Wealth 4th Mumbai GM"]
[Site "Mumbai"]
[Date "2019.01.04"]
[Round "6"]
[White "Sammed Jaykumar, Shete"]
[Black "Gukesh D"]
[Result "0-1"]
[ECO "B12"]
[WhiteElo "2378"]
[BlackElo "2466"]
[Annotator "ChessBase"]
[PlyCount "68"]
[EventDate "2018.12.30"]
[EventType "swiss"]
[EventCountry "IND"]
[SourceTitle "playchess.com"]
[Source "ChessBase"]
[SourceQuality "1"]
[TimeControl "40/5400+30:1800+30"]

1. e4 c6 2. d4 d5 3. e5 Bf5 4. Nf3 e6 5. Be2 Bb4+ 6. c3 Ba5 7. Nbd2 Nd7 8. Nf1 Bc7 9. Ng3 Bg6 10. h4 f6 11. h5 Bf7 12. Bf4 Qb8 13. exf6 Ngxf6 14. Bxc7 Qxc7 15. Bd3 O-O-O 16. Qe2 Rde8 17. O-O-O e5 18. Nxe5 Nxe5 19. dxe5 Rxe5 20. Qf3 Be6 21. Rh4 h6 22. Rf4 Re8 23. Bg6 Rd8 24. Rxf6 gxf6 25. Qxf6 Bd7 26. Qf4 Rg5 27. Qe3 c5 28. Kb1 Rf8 29. Rd2 b6 30. Qe7 Qf4 31. Ne4 Rxg6 32. Rxd5 Rf7 33. Rxc5+ bxc5 34. Qxc5+ Rc6 0-1

[Event "IIFL Wealth 4th Mumbai GM"]
[Site "Mumbai"]
[Date "2019.01.04"]
[Round "6"]
[White "Anuj Shrivatri"]
[Black "Patil, Pratik"]
[Result "1/2-1/2"]
[ECO "A16"]
[WhiteElo "2357"]
[BlackElo "2178"]
[Annotator "NA"]
[PlyCount "113"]
[EventDate "2018.12.30"]
[EventType "swiss"]
[EventCountry "IND"]
[SourceTitle "playchess.com"]
[Source "ChessBase"]
[SourceQuality "1"]
[TimeControl "40/5400+30:1800+30"]

1. c4 Nf6 2. Nc3 d5 3. cxd5 Nxd5 4. g3 g6 5. Bg2 Nb6 6. d3 Bg7 7. Be3 O-O 8. h4 h5 9. Qd2 Nc6 10. Bxc6 bxc6 11. Bh6 c5 12. Nf3 Bb7 13. Bxg7 Kxg7 14. Ne4 c4 15. O-O cxd3 16. exd3 c5 17. b3 Qd5 18. Rfe1 Rfd8 19. Rad1 Qf5 20. Qe2 Rac8 21. Neg5 Bxf3 22. Nxf3 Nd5 23. Qb2+ Qf6 24. Ne5 Nb4 25. Rd2 Rd5 26. a3 Nc6 27. Nxc6 Qxb2 28. Rxb2 Rxc6 29. Rxe7 Ra6 30. a4 Rxd3 31. Rc7 Rc3 32. Kf1 Rb6 33. a5 Rbxb3 34. Rxb3 Rxb3 35. Rxa7 Ra3 36. Ke2 c4 37. Kd2 Rf3 38. Rc7 Rxf2+ 39. Kc3 Rf3+ 40. Kxc4 Rxg3 41. a6 Ra3 42. a7 g5 43. hxg5 Kg6 44. Kb5 Kxg5 45. Kb4 Ra6 46. Rc5+ Kg4 47. Ra5 Rxa7 48. Rxa7 h4 49. Rxf7 h3 50. Rh7 Kg3 51. Kc3 h2 52. Kd2 Kg2 53. Rg7+ Kf2 54. Rh7 Kg2 55. Ke2 h1=Q 56. Rh6 Qh3 57. Rxh3 {[%emt 0:00:34] Kh1 [%clk 0:19:53] Rxh1} 1/2-1/2

[Event "IIFL Wealth 4th Mumbai GM"]
[Site "Mumbai"]
[Date "2019.01.04"]
[Round "6"]
[White "Siva Mahadevan"]
[Black "Deshpande, Aniruddha"]
[Result "1-0"]
[ECO "A67"]
[WhiteElo "2333"]
[BlackElo "2167"]
[Annotator "NA"]
[PlyCount "51"]
[EventDate "2018.12.30"]
[EventType "swiss"]
[EventCountry "IND"]
[SourceTitle "playchess.com"]
[Source "ChessBase"]
[SourceQuality "1"]
[TimeControl "40/5400+30:1800+30"]

1. d4 Nf6 2. c4 c5 3. d5 e6 4. Nc3 exd5 5. cxd5 d6 6. e4 g6 7. f4 Bg7 8. Bb5+ Nfd7 9. Nf3 a6 10. Bd3 b5 11. O-O O-O 12. Kh1 Re8 13. a3 c4 14. Bc2 Nc5 15. f5 Nbd7 16. Bg5 Bf6 17. h4 Ra7 18. Qd2 Ne5 19. fxg6 hxg6 20. Nxe5 Bxg5 21. hxg5 Rxe5 22. Rf6 Qe7 23. Raf1 Nd7 24. Rxf7 Qxf7 25. Rxf7 Kxf7 26. Qf2+ 1-0

[Event "IIFL Wealth 4th Mumbai GM"]
[Site "Mumbai"]
[Date "2019.01.04"]
[Round "6"]
[White "Srihari L R"]
[Black "Nikhil Magizhnan"]
[Result "1/2-1/2"]
[ECO "D38"]
[WhiteElo "2316"]
[BlackElo "2148"]
[Annotator "NA"]
[PlyCount "106"]
[EventDate "2018.12.30"]
[EventType "swiss"]
[EventCountry "IND"]
[SourceTitle "playchess.com"]
[Source "ChessBase"]
[SourceQuality "1"]
[TimeControl "40/5400+30:1800+30"]

1. Nf3 Nf6 2. c4 e6 3. d4 d5 4. Nc3 Bb4 5. cxd5 exd5 6. Bg5 O-O 7. e3 h6 8. Bh4 c6 9. Qb3 Be7 10. Bd3 Ne4 11. Bxe7 Qxe7 12. O-O Be6 13. Qc2 f5 14. Ne5 Qe8 15. f3 Nxc3 16. Qxc3 Nd7 17. f4 Nxe5 18. fxe5 Qe7 19. b4 a6 20. a4 Bd7 21. a5 Be6 22. Kh1 Rf7 23. Rf3 Raf8 24. Raf1 Bd7 25. Qc5 Qxc5 26. bxc5 g6 27. g3 Kg7 28. Kg2 Be6 29. R3f2 Re8 30. h3 Ref8 31. h4 h5 32. Kf3 Kh6 33. Rh2 Rc7 34. Rb1 Rff7 35. Kf4 Rfe7 36. Rb6 Bc8 37. Rhb2 Rf7 38. Bb1 Rfe7 39. Ba2 Be6 40. Bb3 Rf7 41. Ba4 Bc8 42. Bb3 Be6 43. Ba2 Rfe7 44. Rb1 Rf7 45. R6b2 Rfe7 46. Kf3 Rf7 47. Rh1 Rfe7 48. Bb3 Rf7 49. Ba4 Rfe7 50. Rb6 Bc8 51. Rf1 Kg7 52. Kf4 Kh6 53. Rb2 Be6 {Ke4} 1/2-1/2

[Event "IIFL Wealth 4th Mumbai GM"]
[Site "Mumbai"]
[Date "2019.01.04"]
[Round "6"]
[White "Kathmale, Sameer"]
[Black "Varshini, V."]
[Result "0-1"]
[ECO "B90"]
[WhiteElo "2312"]
[BlackElo "2171"]
[Annotator "NA"]
[PlyCount "74"]
[EventDate "2018.12.30"]
[EventType "swiss"]
[EventCountry "IND"]
[SourceTitle "playchess.com"]
[Source "ChessBase"]
[SourceQuality "1"]
[TimeControl "40/5400+30:1800+30"]

1. e4 c5 2. Nf3 d6 3. d4 cxd4 4. Nxd4 Nf6 5. Nc3 a6 6. Nb3 e6 7. g4 Be7 8. Bg2 Qc7 9. Be3 Nc6 10. g5 Nd7 11. f4 b5 12. Qe2 Nb6 13. O-O-O Nc4 14. Kb1 Bd7 15. Bc1 Rc8 16. Rhe1 Na7 17. Rd3 b4 18. Nd5 exd5 19. exd5 O-O 20. Nd4 Rfe8 21. Be4 g6 22. f5 Nb5 23. Ne6 fxe6 24. fxg6 Ne5 25. Rh3 hxg6 26. Bf4 Nd4 27. Qf2 Nf5 28. Bxf5 exf5 29. Qh4 Qxc2+ 30. Ka1 Nf7 31. Qh7+ Kf8 32. Qxg6 Bf6 33. Bxd6+ Re7 34. Bxe7+ Bxe7 35. Rh8+ Nxh8 36. Qh6+ Kg8 37. g6 Bf6 0-1

[Event "IIFL Wealth 4th Mumbai GM"]
[Site "Mumbai"]
[Date "2019.01.04"]
[Round "6"]
[White "Konguvel, Ponnuswamy"]
[Black "Rakshitta Ravi"]
[Result "1/2-1/2"]
[ECO "C78"]
[WhiteElo "2282"]
[BlackElo "2141"]
[Annotator "NA"]
[PlyCount "70"]
[EventDate "2018.12.30"]
[EventType "swiss"]
[EventCountry "IND"]
[SourceTitle "playchess.com"]
[Source "ChessBase"]
[SourceQuality "1"]
[TimeControl "40/5400+30:1800+30"]

1. e4 e5 2. Nf3 Nc6 3. Bb5 a6 4. Ba4 Nf6 5. O-O Bc5 6. c3 O-O 7. d4 Ba7 8. Bg5 h6 9. Bh4 exd4 10. e5 g5 11. Bxc6 dxc3 12. Nxc3 dxc6 13. Qxd8 Rxd8 14. Nxg5 Nd5 15. Nge4 Nxc3 16. bxc3 Rd3 17. Rad1 Rxd1 18. Rxd1 Be6 19. a3 f5 20. exf6 Re8 21. Kh1 a5 22. f3 b5 23. h3 Bd5 24. g4 Kf7 25. Kg2 a4 26. Bg3 Bxe4 27. fxe4 Kxf6 28. Rd7 Bc5 29. Rxc7 Bxa3 30. e5+ Ke6 31. Rxc6+ Kd5 32. Rb6 Kc4 33. Rc6+ Kd5 34. Rb6 Kc4 35. Rc6+ Kd5 1/2-1/2

[Event "IIFL Wealth 4th Mumbai GM"]
[Site "Mumbai"]
[Date "2019.01.04"]
[Round "6"]
[White "Dushyant Sharma"]
[Black "Thipsay, Bagyashree Sathe"]
[Result "0-1"]
[ECO "B12"]
[WhiteElo "2271"]
[BlackElo "2028"]
[Annotator "NA"]
[PlyCount "102"]
[EventDate "2018.12.30"]
[EventType "swiss"]
[EventCountry "IND"]
[SourceTitle "playchess.com"]
[Source "ChessBase"]
[SourceQuality "1"]
[TimeControl "40/5400+30:1800+30"]

1. e4 c6 2. d4 d5 3. e5 Bf5 4. h4 h5 5. c4 e6 6. Nc3 Ne7 7. Bg5 Qb6 8. Qd2 Nd7 9. Nf3 Bg4 10. Nh2 Bf5 11. Nf3 Bg4 12. O-O-O Nf5 13. Be2 Qa5 14. Kb1 Bb4 15. Rc1 Nb6 16. a3 Bxc3 17. Rxc3 dxc4 18. Bxc4 Bxf3 19. gxf3 Nxc4 20. Rxc4 Qxd2 21. Bxd2 O-O-O 22. Be3 Rd5 23. Kc2 Rhd8 24. Kc3 R8d7 25. b4 a5 26. Rc5 axb4+ 27. axb4 Kc7 28. Rc4 g6 29. Rc5 b6 30. Rxd5 Rxd5 31. Ra1 Kb7 32. Rh1 Rd8 33. Kc4 b5+ 34. Kc3 Ra8 35. Kb3 Ra4 36. Kc3 Nxe3 37. fxe3 Ra3+ 38. Kd2 Rb3 39. f4 Rxb4 40. Rg1 Rb2+ 41. Kc3 Rh2 42. f5 exf5 43. e6 fxe6 44. Rxg6 Rxh4 45. Rxe6 Re4 46. Rh6 Rxe3+ 47. Kb4 Rd3 48. Ka5 Kc7 49. Rh7+ Kd6 50. Rxh5 f4 51. Kb6 Rxd4 0-1

[Event "IIFL Wealth 4th Mumbai GM"]
[Site "Mumbai"]
[Date "2019.01.04"]
[Round "6"]
[White "Mohota, Nisha"]
[Black "Saksham Rautela"]
[Result "1/2-1/2"]
[ECO "C49"]
[WhiteElo "2264"]
[BlackElo "2123"]
[Annotator "NA"]
[PlyCount "97"]
[EventDate "2018.12.30"]
[EventType "swiss"]
[EventCountry "IND"]
[SourceTitle "playchess.com"]
[Source "ChessBase"]
[SourceQuality "1"]
[TimeControl "40/5400+30:1800+30"]

1. e4 e5 2. Nf3 Nf6 3. Nc3 Nc6 4. Bb5 Bb4 5. O-O O-O 6. d3 Bxc3 7. bxc3 d6 8. Re1 a6 9. Bxc6 bxc6 10. h3 h6 11. Rb1 Be6 12. c4 Rb8 13. Bd2 Rxb1 14. Qxb1 Qa8 15. Nh4 d5 16. Qb2 dxe4 17. Qxe5 Qd8 18. Re3 Qd6 19. Qc3 Rd8 20. Be1 exd3 21. cxd3 Qd4 22. Nf3 Qxc3 23. Bxc3 Bf5 24. Ne5 Re8 25. g4 Bh7 26. d4 Re6 27. Bb4 Ne4 28. f4 c5 29. dxc5 f6 30. Nf3 Ng5 31. Rxe6 Nxe6 32. f5 Ng5 33. Nd4 Kf8 34. h4 Nh3+ 35. Kh2 Nf4 36. Kg3 Nd3 37. Ne6+ Ke7 38. Ba3 c6 39. Nxg7 Bg8 40. Nh5 Bxc4 41. Nf4 Nxf4 42. Kxf4 Bxa2 43. g5 hxg5+ 44. hxg5 fxg5+ 45. Kxg5 Kf7 46. Kf4 Bd5 47. Bb4 Bh1 48. Ke5 Bd5 49. Bc3 1/2-1/2

[Event "IIFL Wealth 4th Mumbai GM"]
[Site "Mumbai"]
[Date "2019.01.04"]
[Round "6"]
[White "Aditya Mittal"]
[Black "Khusenkhojaev, Muhammad"]
[Result "1-0"]
[ECO "D85"]
[WhiteElo "2251"]
[BlackElo "2455"]
[Annotator "ChessBase"]
[PlyCount "99"]
[EventDate "2018.12.30"]
[EventType "swiss"]
[EventCountry "IND"]
[SourceTitle "playchess.com"]
[Source "ChessBase"]
[SourceQuality "1"]
[TimeControl "40/5400+30:1800+30"]

1. d4 Nf6 2. c4 g6 3. Nc3 d5 4. cxd5 Nxd5 5. Bd2 Bg7 6. e4 Nb6 7. Be3 O-O 8. Bb5 Be6 9. Nf3 Bg4 10. Qd2 Bxf3 11. gxf3 e5 12. d5 c6 13. dxc6 Qxd2+ 14. Kxd2 Nxc6 15. Bxc6 bxc6 16. Ke2 f5 17. Rac1 f4 18. Bxb6 axb6 19. Rhd1 b5 20. a3 Rfd8 21. Rxd8+ Rxd8 22. Na2 Rc8 23. Nb4 c5 24. Nd5 Kf7 25. b4 Bf8 26. Nb6 Rc7 27. a4 bxa4 28. Nxa4 c4 29. b5 Bd6 30. Nb6 c3 31. Nd5 Rc5 32. b6 c2 33. Kd3 Ke6 34. Rxc2 Rxc2 35. Kxc2 Kd7 36. Kb3 Kc6 37. Kc4 h5 38. Nf6 Be7 39. Ng8 Bh4 40. b7 Kxb7 41. Kd5 Bxf2 42. Nf6 Bd4 43. h3 Ka6 44. Ke6 Kb5 45. Kf7 Kc4 46. Kxg6 h4 47. Kg5 Bc5 48. Nd7 Be7+ 49. Kf5 Kd4 50. Nxe5 1-0

[Event "IIFL Wealth 4th Mumbai GM"]
[Site "Mumbai"]
[Date "2019.01.04"]
[Round "6"]
[White "Varga, Klara"]
[Black "Mosadeghpour, Masoud"]
[Result "0-1"]
[ECO "A28"]
[WhiteElo "2242"]
[BlackElo "2520"]
[Annotator "ChessBase"]
[PlyCount "140"]
[EventDate "2018.12.30"]
[EventType "swiss"]
[EventCountry "IND"]
[SourceTitle "playchess.com"]
[Source "ChessBase"]
[SourceQuality "1"]
[TimeControl "40/5400+30:1800+30"]

1. c4 e5 2. Nc3 Nf6 3. Nf3 Nc6 4. e3 Bb4 5. Qc2 Bxc3 6. bxc3 d6 7. e4 O-O 8. d3 a6 9. Rb1 Rb8 10. a4 b6 11. g3 Bd7 12. Bg2 Na5 13. O-O Qe8 14. Ra1 Bc6 15. Nd2 Nd7 16. d4 Bb7 17. f4 c5 18. fxe5 dxe5 19. d5 Qe7 20. Qd3 Bc8 21. Nf3 Nb3 22. Rb1 Nxc1 23. Rbxc1 Nf6 24. a5 Bd7 25. axb6 Rxb6 26. Rb1 Rbb8 27. Ra1 Rb6 28. Rfb1 Rfb8 29. Rxb6 Rxb6 30. Rb1 Qd6 31. Rxb6 Qxb6 32. Nxe5 Qb2 33. d6 a5 34. Nxd7 Nxd7 35. Bh3 Qc1+ 36. Kg2 Qb2+ 37. Kf1 Qc1+ 38. Ke2 Qb2+ 39. Qd2 Qxd2+ 40. Kxd2 Ne5 41. Kc2 Kf8 42. Kb3 Ke8 43. Bf5 g6 44. Bc8 Kd8 45. Bh3 h5 46. Ka4 Nxc4 47. e5 g5 48. e6 f6 49. d7 Ne3 50. e7+ Kxe7 51. Be6 Kd8 52. Kb5 Nf1 53. Kxc5 Kc7 54. Kd5 Nxh2 55. Bf5 a4 56. Ke6 Kd8 57. Kxf6 a3 58. Be6 Nf3 59. Kf5 h4 60. Kg4 Ne5+ 61. Kh3 hxg3 62. Kxg3 Ke7 63. Kh3 Nxd7 64. Ba2 Ne5 65. c4 Kd6 66. Kg3 Kc5 67. Kh3 Kb4 68. Kg3 Nxc4 69. Kg4 Kc3 70. Kxg5 Nd2 0-1

[Event "IIFL Wealth 4th Mumbai GM"]
[Site "Mumbai"]
[Date "2019.01.04"]
[Round "6"]
[White "Wagh Suyog"]
[Black "Deviatkin, Andrei"]
[Result "0-1"]
[ECO "A56"]
[WhiteElo "2240"]
[BlackElo "2464"]
[Annotator "ChessBase"]
[PlyCount "86"]
[EventDate "2018.12.30"]
[EventType "swiss"]
[EventCountry "IND"]
[SourceTitle "playchess.com"]
[Source "ChessBase"]
[SourceQuality "1"]
[TimeControl "40/5400+30:1800+30"]

1. d4 Nf6 2. c4 c5 3. d5 g6 4. Nc3 Bg7 5. g3 d6 6. Bg2 O-O 7. Nf3 e6 8. O-O exd5 9. cxd5 Re8 10. Nd2 b6 11. a4 Ba6 12. Nb5 Nbd7 13. Nc4 Bxb5 14. axb5 Ne5 15. Qb3 Nxc4 16. Qxc4 Nd7 17. Ra6 Qe7 18. e3 Ne5 19. Qa4 Nd3 20. Qb3 Nb4 21. Ra1 Qd7 22. Qc4 a6 23. bxa6 b5 24. Qb3 Rxa6 25. Bd2 Rea8 26. Rxa6 Nxa6 27. Ra1 c4 28. Qc2 Qb7 29. e4 Nc5 30. Rb1 Ra2 31. Bc3 Qb6 32. Bxg7 Kxg7 33. Qc3+ f6 34. Qd4 Na4 35. Qxb6 Nxb6 36. b3 c3 37. b4 Rb2 38. Rc1 Na4 39. Kf1 Rxb4 40. Ke2 Rc4 41. f3 b4 42. Kd3 b3 43. Kxc4 b2 0-1